 Dungeon Crawl Stone Soup version 0.20.0-7-g3b7b877 (webtiles) character file.

2734914 Angani the Blood Saint (level 27, 198/231 HPs)
             Began as a Demonspawn Gladiator on May 29, 2017.
             Was the Champion of Lugonu.
             Escaped with the Orb
             ... and 5 runes!
             The game lasted 04:34:31 (90490 turns).

Angani the Blood Saint (Demonspawn Gladiator)      Turns: 90490, Time: 04:34:31

Health: 198/231    AC: 40    Str: 31    XL:     27
Magic:  40/40      EV: 15    Int:  7    God:    Lugonu [******]
Gold:   1028       SH: 29    Dex: 19    Spells: 26/26 levels left

rFire    + + .     SeeInvis +   D - +8 demon blade of Causality {drain, rElec rN+}
rCold    + . .     Gourm    .   F - +1 large shield {AC+3}
rNeg     + + +     Faith    .   I - +6 gold dragon scales
rPois    +         Spirit   .   (helmet unavailable)
rElec    +         Reflect  +   n - scarf {repulsion}
rCorr    .         Harm     .   e - +0 pair of gloves of Darkness {rC- MR+++ Str+4 Dex+3}
MR       +++++                  c - +2 pair of boots
Stlth    ..........             y - amulet of Atheism {Reflect Slay+6 SH+4}
Regen    0.5/turn               H - ring of Divine Intervention {rPois Str+2 Int-4 Slay+3 SInv}
MPRegen  0.3/turn               S - ring of Xom's Ringing Laughter {rN+ Slay+2}

@: repel missiles
A: fangs 1, hooves 1, horns 3, molten scales 3, cold resistance 1, demonic
guardian 3, negative energy resistance 1, spiny 3, 50% torment resistance,
evolution 1, black mark
0: Orb of Zot
}: 5/15 runes: decaying, serpentine, slimy, silver, abyssal
a: Depart the Abyss, Bend Space, Banish, Corrupt, Enter the Abyss, Brand Weapon
With Distortion, Renounce Religion


You escaped.
You worshipped Lugonu.
Lugonu was exalted by your worship.
You were not hungry.

You visited 12 branches of the dungeon, and saw 58 of its levels.
You visited the Abyss 1 time.
You also visited: Ice Cave and Wizlab.

You collected 8063 gold pieces.
You spent 7035 gold pieces at shops.

Inventory:

Hand Weapons
 D - the +8 demon blade of Causality (weapon) {drain, rElec rN+}
   (You found it on level 6 of the Lair of Beasts)

   A truly terrible weapon, it drains the life of those it strikes.
   It insulates you from electricity.
   It protects you from negative energy.
Missiles
 d - 7 throwing nets (quivered)
Armour
 c - a +2 pair of boots (worn)
 e - the +0 pair of gloves of Darkness (worn) {rC- MR+++ Str+4 Dex+3}
   (You found it on level 5 of the Pits of Slime)

   It affects your strength (+4).
   It affects your dexterity (+3).
   It makes you vulnerable to cold.
   It affects your resistance to hostile enchantments.
 n - a scarf of repulsion (worn)
 F - a +1 large shield of protection (worn)
 I - +6 gold dragon scales (worn)
Jewellery
 y - the amulet of Atheism (around neck) {Reflect Slay+6 SH+4}
   (You found it on level 5 of the Pits of Slime)

   [amulet of reflection]

   It shields you and reflects attacks.
   It affects your accuracy and damage with ranged weapons and melee attacks
   (+6).
   It affects your SH (+4).
 G - an uncursed ring of protection from fire
 H - the ring of Divine Intervention (left hand) {rPois Str+2 Int-4 Slay+3 SInv}
   (You bought it in a shop on level 4 of the Snake Pit)

   [ring of see invisible]

   It affects your strength (+2).
   It affects your intelligence (-4).
   It affects your accuracy and damage with ranged weapons and melee attacks
   (+3).
   It protects you from poison.
   It lets you see invisible.
 J - an uncursed ring of resist corrosion
 K - an uncursed ring of protection from magic
 S - the ring of Xom's Ringing Laughter (right hand) {rN+ Slay+2}
   (You found it on level 3 of the Crypt)

   [ring of positive energy]

   It affects your accuracy and damage with ranged weapons and melee attacks
   (+2).
   It protects you from negative energy.
Wands
 x - a wand of clouds (6/9)
 z - a wand of digging (2/24)
 E - a wand of scattershot (3/9)
Scrolls
 a - 2 scrolls of vulnerability
 g - 14 scrolls of teleportation
 i - 23 scrolls of remove curse
 j - 4 scrolls of recharging
 m - a scroll of magic mapping
 o - 7 scrolls of summoning
 t - 9 scrolls of identify
 u - 5 scrolls of blinking
 w - 11 scrolls of fear
 Q - 11 scrolls of fog
 W - 6 scrolls of immolation
 X - a scroll of torment
Potions
 b - 7 potions of berserk rage
 h - 17 potions of mutation
 k - 7 potions of agility
 l - 3 potions of invisibility
 p - 3 potions of ambrosia
 q - 22 potions of curing
 r - 3 potions of resistance
 s - 12 potions of haste
 v - 4 potions of magic
 B - 2 potions of might
 C - 4 potions of cancellation
 M - 8 potions of lignification
 N - 4 potions of heal wounds
 T - 10 potions of flight
Miscellaneous
 L - a fan of gales
 R - a phial of floods
 U - a lightning rod (4/4)
 V - a lamp of fire
 Z - a phantom mirror
Comestibles
 f - 25 bread rations
 A - 10 royal jellies


   Skills:
 - Level 22.1 Fighting
 - Level 14.3 Long Blades
 - Level 1.7 Throwing
 - Level 17.3 Armour
 - Level 15.0 Dodging
 - Level 18.0 Shields
 O Level 27 Invocations
 + Level 21.5 Evocations


You had 26 spell levels left.
You didn't know any spells.

Dungeon Overview and Level Annotations

Branches:
Dungeon (15/15)            Temple (1/1) D:7            Lair (6/6) D:11
  Swamp (4/4) Lair:2        Snake (4/4) Lair:4        Slime (5/5) Lair:6
    Orc (2/2) D:11            Elf (3/3) Orc:2        Vaults (5/5) D:13
  Crypt (3/3) Vaults:2       Tomb (0/3) Crypt:3      Depths (5/5) D:15
    Zot (5/5) Depths:5

Altars:
Ashenzari
Dithmenos
Fedhas
Kikubaaqudgha
Makhleb
Qazlal
Ru
Trog
Vehumet
Zin
The Shining One
Beogh
Jiyva
Lugonu

Shops:
D:4 =   D:12 *   D:15 (*?(   Orc:1 [   Orc:2 :*=:   Snake:3 ?!%!   Snake:4 =}=

Portals:
Hell: Lair:6 Depths:1 Depths:2 Depths:3 Depths:4 Depths:5
Abyss: Depths:1 Depths:4
Pandemonium: Depths:1 Depths:3 Depths:4
Ziggurat: Depths:1

Annotations:
Lair:5 exclusion: oklob plant
Slime:5 corrupted
Elf:2 1 runed door
Zot:1 2 transporters, exclusion: orange crystal statue
Zot:5 corrupted
Abyss:1 Royal Jelly


Innate Abilities, Weirdness & Mutations

You have a pair of large horns on your head.
You are completely covered in molten scales. (AC +4, rF+)
A powerful demonic guardian rushes to your aid.
You resist negative energy. (rN+)
You are completely covered in sharp spines.
You are somewhat able to resist unholy torments (1 in 2 success).
Your melee attacks may debilitate your foes.
You have very sharp teeth.
You have large cloven feet.
Your flesh is cold resistant. (rC+)
You evolve.


Message History

Sorry, you can't target yourself.
Okay, then.
Unknown command.
Evoke which item? (* to show all) (? for menu, Esc to quit)
Aiming: Dig
Press: ? - help, Shift-Dir - straight line The rock shatters into small pieces.
A frilled lizard comes into view.
The frilled lizard hisses angrily.
This wand has 2 charges left.
You block the frilled lizard's attack.
You slash the frilled lizard!
You kill the frilled lizard!
Lugonu accepts your kill.
The shadow demon gestures.
There is a staircase leading out of the dungeon here.
The bat is struck by your spines.
You kill the bat!
The bat's corpse dissolves into shadows!
You have escaped!

.# #.#.##.# #....( .###########
#.#.##.# #..).# ...........#
#.#.##.# #..### ##########.#
#####>#.##.# #..# #.#
#.....#.##.# #..#
#.###.########.# #..###
##########...#.#.....##.# #..)..
#..>..)..(((.#.....#.##.####...##
..##########(#..@..#.#...........
### #.##....#..........###
#.....#h#.#######..# #
#######.#.# #......# #.# #...#.#
#.###..# #.# #.#h#.# #.# #..# #.#
#.#.#.###.###..###
#.###..2#......43.....
#.......4.....4..4.###


You could see a jackal.

Vanquished Creatures
  Khufu (Crypt:3)
  Mara (Crypt:3)
  2 orbs of fire (Zot:5)
  A juggernaut (Depths:2)
  Mennas (Crypt:3)
  Sojobo (Crypt:3)
  Bai Suzhen (Elf:3)
  Boris (Crypt:1)
  Margery (Crypt:3)
  Frederick (Crypt:1)
  6 caustic shrikes
  Saint Roka (Vaults:2)
  Vashnia (Snake:4)
  Xtahua (Crypt:3)
  3 golden dragons
  Jory (Crypt:3)
  Nikola (Swamp:2)
  A profane servitor (Crypt:3)
  A mutant beast (WizLab)
  A bone dragon (Abyss:3)
  An Ice Fiend (D:6)
  Rupert (D:13)
  Jorgrun (Swamp:2)
  12 tentacled monstrosities
  3 deep elf master archers
  3 titans
  5 liches
  Asterion (Elf:3)
  4 deep elf blademasters
  16 Orb Guardians
  2 quicksilver dragons
  10 sphinxes
  3 ancient champions
  A death cob (Zot:2)
  10 tentacled starspawn
  3 acid blobs
  An Executioner (Abyss:2)
  Frances (Swamp:1)
  The ghost of Nightblair the Spry, an adept MfGl of Fedhas (Depths:1)
  A thorn hunter (Swamp:4)
  2 draconian monks
  6 storm dragons
  7 shadow dragons
  8 nagarajas
  The ghost of Mukku the Markscentaur, an adept CeHu of Okawaru (Swamp:3)
  6 tengu reavers
  A revenant (Crypt:3)
  An azure jelly (Slime:5)
  7 deep elf sorcerers
  3 balrugs
  10 frost giants
  21 vault wardens
  9 fire giants
  2 draconian knights
  3 draconian scorchers (Zot:3)
  2 draconian shifters
  16 ghouls
  A cacodemon (Abyss:3)
  Louise (Swamp:1)
  7 deep elf elementalists
  A draconian stormcaller (Zot:3)
  2 iron dragons
  A juggernaut zombie (Depths:5)
  A draconian annihilator (Zot:3)
  15 ironheart preservers
  13 very ugly things
  8 entropy weavers
  A spriggan defender (Depths:4)
  A caustic shrike skeleton (Depths:5)
  2 war gargoyles (Vaults:5)
  3 black draconians (Zot:3)
  29 stone giants
  11 deep elf annihilators
  20 starcursed masses
  7 deep elf demonologists
  A lorocyproca (Abyss:2)
  A purple draconian (Zot:4)
  12 vampire knights
  4 yellow draconians
  3 eidola
  2 merfolk javelineers
  5 white draconians
  Snorg (D:14)
  4 spark wasps
  10 deep elf death magi
  18 ettins
  13 fire dragons
  A death ooze (Slime:4)
  A quicksilver dragon zombie (Crypt:1)
  13 jiangshi
  8 deep elf high priests
  16 great orbs of eyes
  31 vault guards
  12 ice dragons
  2 mummy priests (Crypt:3)
  16 yaktaur captains
  A monstrous demonspawn (Depths:5)
  20 hydras
  9 rakshasas
  A quicksilver dragon skeleton (Crypt:3)
  2 spriggan air magi
  14 naga warriors
  2 hell beasts
  A catoblepas (Lair:6)
  8 centaur warriors
  Erolcha (D:13)
  2 ghost crabs
  4 death knights
  14 alligators
  16 anacondas
  13 ogre magi
  8 tengu warriors
  35 two-headed ogres
  A satyr (Abyss:3)
  4 deep troll earth magi
  11 death yaks
  A queen ant (shapeshifter) (Depths:4)
  22 dancing weapons
  6 deep troll shamans
  7 hell hogs (Abyss:3)
  6 spriggan berserkers
  9 vampire magi
  10 thrashing horrors
  18 deep elf knights
  An iron golem (WizLab)
  8 soul eaters
  11 hell knights
  3 fire crabs (shapeshifter) (WizLab)
  Sonja (Lair:2)
  Urug (D:13)
  8 shock serpents
  4 sun demons
  2 titan skeletons (Crypt:3)
  A salamander mystic (Snake:2)
  31 skeletal warriors
  17 naga sharpshooters
  6 shadow wraiths
  A sixfirhy (Abyss:2)
  10 wretched stars
  An anaconda zombie (Crypt:3)
  A shadow demon (Abyss:2)
  4 unseen horrors
  2 unseen horrors (shapeshifter) (WizLab)
  8 sea snakes (Snake:4)
  3 infernal demonspawn
  6 wizards
  A storm dragon skeleton (Crypt:3)
  4 spatial maelstroms
  6 glowing orange brains
  3 spriggan druids
  A swamp dragon (shapeshifter) (WizLab)
  28 deep trolls
  2 gelid demonspawn
  11 flayed ghosts
  A spectral wolf spider (Crypt:3)
  4 shambling mangroves
  3 naga ritualists
  11 necromancers
  3 swamp dragons
  2 anaconda skeletons
  17 deep elf archers
  20 phantasmal warriors
  A wolf spider zombie (D:15)
  2 harpies (shapeshifter)
  18 orc knights
  A stone giant zombie (Abyss:1)
  3 harpies (Vaults:4)
  23 ironbrand convokers
  A fire giant zombie (Crypt:1)
  An iron giant skeleton (Crypt:2)
  12 mana vipers
  3 shining eyes
  54 deep elf magi
  4 orc sorcerers
  A mana viper (shapeshifter) (Vaults:4)
  41 ugly things
  2 shadow dragon skeletons
  2 stone giant skeletons
  A tengu skeleton (Vaults:5)
  4 worldbinders
  5 wolf spiders
  5 cyclopes
  2 manticores
  2 orb spiders (shapeshifter)
  7 centaur zombies
  A frost giant zombie (Crypt:2)
  6 salamanders
  6 moths of wrath
  3 rust devils
  18 vault sentinels
  A torpor snail (Lair:6)
  A dire elephant zombie (Crypt:1)
  10 naga magi
  3 orange demons
  9 smoke demons
  A black mamba (shapeshifter) (Depths:5)
  9 guardian serpents
  2 storm dragon simulacra
  3 apocalypse crabs
  5 elephants (Lair:6)
  2 eyes of devastation (Slime:5)
  7 rime drakes
  4 centaur skeletons
  51 black mambas
  A yellow draconian zombie (Crypt:2)
  An alligator snapping turtle zombie (Crypt:1)
  16 spiny frogs
  2 komodo dragons (shapeshifter)
  56 yaktaurs
  A spiny frog (shapeshifter) (D:15)
  5 komodo dragons
  A sea snake zombie (Crypt:2)
  2 tormentors
  17 freezing wraiths
  A yaktaur (shapeshifter) (WizLab)
  A rime drake (shapeshifter) (Vaults:1)
  7 guardian mummies (Crypt:3)
  A black draconian skeleton (Crypt:1)
  2 hellwings
  4 ancient zymes
  2 human skeletons (Vaults:2)
  5 ice devils
  A queen bee (D:9)
  A grey draconian skeleton (Crypt:1)
  A yaktaur skeleton (Vaults:5)
  2 demonic crawlers
  3 queen bees (shapeshifter)
  A purple draconian skeleton (Crypt:2)
  A red draconian skeleton (Crypt:1)
  2 catoblepas skeletons
  5 tengu conjurers
  A polar bear (shapeshifter) (WizLab)
  3 trolls
  21 polar bears
  2 trolls (shapeshifter)
  3 red devils
  A green draconian skeleton (Crypt:2)
  A jumping spider (Vaults:4)
  8 tyrant leeches
  A wind drake (shapeshifter) (D:12)
  A tengu simulacrum (Vaults:2)
  8 hippogriffs
  A hornet (shapeshifter) (Vaults:1)
  18 hornets
  58 slime creatures
  11 bog bodies
  A fire dragon zombie (Crypt:1)
  16 blink frogs
  15 dream sheep
  10 raiju
  3 air elementals
  3 human simulacra (Vaults:1)
  48 flying skulls (Crypt:3)
  4 hippogriffs (shapeshifter)
  9 shadows
  7 spriggans
  2 ynoxinuls
  6 redbacks
  A tarantella (Vaults:3)
  2 tarantellas (shapeshifter)
  8 water elementals
  13 wraiths
  A redback (shapeshifter) (Depths:1)
  2 spriggans (shapeshifter) (WizLab)
  24 large abominations
  3 wyverns
  2 golden eyes (shapeshifter)
  A vampire (D:9)
  A yak (shapeshifter) (Depths:2)
  3 hungry ghosts
  49 yaks
  5 fire elementals
  A dire elephant simulacrum (Crypt:3)
  A fire bat (Abyss:2)
  5 basilisks
  5 chaos spawn
  A hog (shapeshifter) (WizLab)
  3 golden eyes (Slime:4)
  16 humans (D:13)
  A basilisk (shapeshifter) (WizLab)
  8 neqoxecs
  13 vampire mosquitoes
  A swamp worm simulacrum (Swamp:4)
  16 wargs
  6 spatial vortices
  22 swamp worms
  A warg (shapeshifter) (Depths:4)
  2 steam dragons
  2 soldier ants (shapeshifter)
  A swamp worm (shapeshifter) (Vaults:5)
  16 insubstantial wisps
  47 nagas
  14 hydra simulacra
  5 acid dragons
  23 small abominations
  18 water moccasins
  Duvessa (D:6)
  2 floating eyes (shapeshifter)
  8 porcupines
  9 hell hounds
  5 floating eyes
  6 sky beasts
  2 black bears
  8 swamp drakes
  A meliai simulacrum (D:15)
  3 ice beasts
  41 orc warriors
  3 phantoms
  13 wolves (IceCv)
  An eye of draining (Abyss:1)
  9 necrophages
  An eye of draining (shapeshifter) (Elf:2)
  33 ogres
  A boggart (shapeshifter) (Vaults:3)
  10 boggarts
  12 centaurs
  An orc skeleton (Vaults:2)
  8 crocodiles
  3 big kobolds
  15 bullfrogs
  3 earth elementals
  A gnoll sergeant (D:8)
  2 ogre simulacra (Vaults:1)
  A scorpion (D:10)
  33 killer bees
  10 wights
  A troll zombie (Crypt:3)
  3 electric eels (Lair:2)
  A wolf skeleton (Crypt:1)
  A bullfrog zombie (D:11)
  14 crimson imps
  8 quasits
  2 bullfrog skeletons
  16 orc wizards
  6 hounds
  A jelly (shapeshifter) (WizLab)
  7 jellies
  14 orc priests
  2 gnoll shamans
  A human zombie (Crypt:1)
  3 iron imps
  7 iguanas
  13 worker ants
  A bullfrog simulacrum (D:12)
  A tengu zombie (Crypt:2)
  2 hound zombies (D:5)
  A worker ant zombie (D:5)
  17 adders
  17 gnolls
  7 shadow imps
  6 white imps
  2 swamp drake simulacra (Swamp:4)
  4 ufetubi
  6 oozes
  3 adder skeletons
  An adder zombie (D:7)
  3 worms
  2 dart slugs
  8 leopard geckos
  115 orcs
  4 ball pythons
  A giant cockroach (D:2)
  12 goblins
  13 hobgoblins
  7 jackals
  20 kobolds
  4 quokkas
  10 bats
  4 frilled lizards
  A goblin zombie (Crypt:1)
  10 rats
  A rat skeleton (Crypt:1)
  A briar patch (Swamp:3)
  4 crawling corpses (Elf:3)
  4 starspawn tentacles
2726 creatures vanquished.

Vanquished Creatures (collateral kills)
  An orb of fire (Zot:5)
  2 golden dragons (Zot:5)
  2 bone dragons
  A tentacled monstrosity (Depths:2)
  4 Orb Guardians (Zot:5)
  A deep elf blademaster (Elf:3)
  2 acid blobs (Slime:5)
  An Executioner (Zot:5)
  A shadow dragon (Vaults:5)
  2 thorn hunters (Swamp:3)
  A nagaraja (Snake:3)
  A storm dragon (Vaults:5)
  A deep elf sorcerer (Elf:3)
  A frost giant (Depths:3)
  A draconian knight (Zot:5)
  A draconian scorcher (Zot:5)
  A large abomination (Elf:3)
  2 ironheart preservers
  A draconian annihilator (Zot:5)
  3 very ugly things (WizLab)
  A black draconian (Zot:5)
  A vampire knight (Crypt:2)
  A red draconian (Zot:4)
  A small abomination (Depths:4)
  A purple draconian (Zot:5)
  A fire dragon (Depths:5)
  A deep elf death mage (Depths:4)
  2 ettins
  2 deep elf high priests (Elf:3)
  A rakshasa (Depths:1)
  2 great orbs of eyes
  2 vault guards
  2 ice dragons
  2 centaur warriors
  A two-headed ogre (Depths:1)
  2 ogre magi
  3 dancing weapons
  A deep troll shaman (Depths:5)
  2 deep troll earth magi
  A tengu warrior (Depths:4)
  An alligator (Swamp:2)
  A naga sharpshooter (Snake:4)
  2 deep elf knights
  2 skeletal warriors
  2 deep trolls
  2 naga ritualists
  A necromancer (Vaults:5)
  An orc knight (Orc:2)
  An orc sorcerer (Orc:1)
  2 mana vipers
  A deep elf mage (Elf:2)
  2 moths of wrath (Zot:5)
  A human skeleton (Vaults:5)
  2 elephants (Lair:6)
  A vault sentinel (Vaults:4)
  3 black mambas
  A torpor snail (Lair:2)
  A naga mage (Snake:3)
  A spiny frog (Swamp:3)
  A freezing wraith (Vaults:5)
  5 yaktaurs
  A yaktaur zombie (Vaults:5)
  A jumping spider (shapeshifter) (WizLab)
  5 hornets
  A bog body (Swamp:2)
  4 dream sheep
  2 slime creatures
  5 spriggans
  2 yaks
  2 vampire mosquitoes
  A naga (Snake:4)
  2 insubstantial wisps
  An ice beast (D:8)
  2 orc warriors (Orc:2)
  2 ogres
  Dowan (D:6)
  2 crimson imps (D:5)
  An orc priest (D:6)
  An iguana (D:4)
  4 gnolls
  2 adders
  3 orcs
  A quokka (D:9)
  A briar patch (Swamp:3)
141 creatures vanquished.

Vanquished Creatures (others)
  An orb of fire (Zot:5)
  An ancient lich (Zot:5)
  A curse toe (Zot:5)
  2 Killer Klowns (Zot:5)
  A golden dragon (Zot:5)
  An electric golem (Zot:5)
  4 Orb Guardians (Zot:5)
  5 acid blobs (Slime:5)
  A sphinx (Depths:2)
  An azure jelly (Slime:5)
  A cacodemon (Abyss:2)
  A deep elf demonologist (Elf:3)
  A death ooze (Slime:5)
  A fire dragon (Depths:1)
  A yaktaur captain (Vaults:2)
  A hydra (Swamp:4)
  A centaur warrior (Vaults:3)
  A naga sharpshooter (Snake:4)
  2 glowing orange brains
  2 deep elf magi
  2 naga magi
  An eye of devastation (Slime:5)
  4 yaktaurs
  A slime creature (Slime:5)
  A golden eye (shapeshifter) (Depths:1)
  A chaos spawn (Zot:5)
  A naga (Snake:4)
  2 eyes of draining (Slime:5)
  An orc warrior (Vaults:1)
  An ogre (Orc:1)
  A centaur (Vaults:2)
  An orc priest (Vaults:4)
  2 briar patches
  25 fungi
  A lurking horror (Abyss:3)
  19 plants
  30 starspawn tentacles
124 creatures vanquished.

Grand Total: 2991 creatures vanquished

Notes
Turn   | Place    | Note
-------+----------+-------------------------------------------
     0 | D:1      | Angani the Demonspawn Gladiator began the quest for the Orb.
     0 | D:1      | Reached XP level 1. HP: 16/16 MP: 1/1
   413 | D:1      | Gained mutation: A weak demonic guardian rushes to your aid. [demonic ancestry]
   413 | D:1      | Reached XP level 2. HP: 23/23 MP: 2/2
  1105 | D:2      | Reached XP level 3. HP: 25/28 MP: 3/3
  1919 | D:2      | Gained mutation: You have a pair of small horns on your head. [demonic ancestry]
  1919 | D:2      | Reached XP level 4. HP: 34/34 MP: 4/4
  2137 | D:3      | Found a faded altar of an unknown god.
  2145 | D:3      | Became a worshipper of Lugonu the Unformed
  2145 | D:3      | Reached * piety under Lugonu
  2145 | D:3      | Reached ** piety under Lugonu
  3247 | D:4      | Found Fyirchino's Jewellery Emporium.
  3344 | D:4      | Found a stormy altar of Qazlal.
  3488 | D:4      | Reached skill level 5 in Long Blades
  3488 | D:4      | Reached XP level 5. HP: 39/39 MP: 5/5
  3502 | D:4      | Noticed an ogre
  3508 | D:4      | Killed an ogre
  3508 | D:4      | Reached skill level 3 in Invocations
  3542 | D:4      | Noticed an ogre
  3588 | D:4      | Killed an ogre
  3588 | D:4      | Reached skill level 4 in Invocations
  3767 | D:4      | Gained mutation: You are partially covered in molten scales. (AC +2) [demonic ancestry]
  3767 | D:4      | Reached XP level 6. HP: 46/46 MP: 9/9
  4062 | D:5      | Entered Level 5 of the Dungeon
  4068 | D:4      | Reached skill level 5 in Invocations
  4222 | D:5      | Reached skill level 1 in Armour
  4541 | D:5      | Gained mutation: You have a pair of horns on your head. [demonic ancestry]
  4541 | D:5      | Reached XP level 7. HP: 21/51 MP: 10/10
  4855 | D:5      | Found a sacrificial altar of Ru.
  5031 | D:5      | Reached *** piety under Lugonu
  5384 | D:5      | Found a stormy altar of Qazlal.
  5761 | D:6      | Noticed Duvessa
  5761 | D:6      | Noticed Dowan
  5768 | D:6      | Killed Duvessa
  5768 | D:6      | Reached skill level 5 in Armour
  5773 | D:6      | Killed Dowan
  5893 | D:6      | Got a jewelled ring mail
  6200 | D:6      | Found a glowing silver altar of Zin.
  6258 | D:6      | Gained mutation: You are mostly covered in molten scales. (AC +3) [demonic ancestry]
  6258 | D:6      | Reached XP level 8. HP: 57/57 MP: 11/11
  6965 | D:7      | Reached skill level 5 in Dodging
  7100 | D:7      | Found a shattered altar of Ashenzari.
  7244 | D:7      | Gained mutation: Your flesh is heat resistant. (rF+) [mutagenic meat]
  7279 | D:7      | Identified the +5 ring mail "Uhyococe" {rC+++ MR+ Dex-3 Stlth+} (You found it on level 6 of the Dungeon)
  7505 | D:7      | Reached skill level 5 in Fighting
  7644 | D:7      | Found a staircase to the Ecumenical Temple.
  7915 | D:7      | Reached **** piety under Lugonu
  7917 | D:7      | Reached skill level 6 in Invocations
  7947 | D:7      | You fall through a shaft for 2 floors!
  8067 | D:8      | Reached skill level 7 in Invocations
  8199 | D:8      | Found a shattered altar of Ashenzari.
  8395 | D:8      | Noticed a two-headed ogre
  8422 | D:8      | Killed a two-headed ogre
  8422 | D:8      | Reached skill level 9 in Invocations
  8422 | D:8      | Gained mutation: You are partially covered in sharp spines. [demonic ancestry]
  8422 | D:8      | Reached XP level 9. HP: 40/68 MP: 13/16
  8626 | D:8      | Found a shadowy altar of Dithmenos.
  8649 | D:8      | Found an ancient bone altar of Kikubaaqudgha.
  8651 | D:8      | Found a glowing golden altar of the Shining One.
  8694 | D:8      | Noticed a cyan ugly thing
  8718 | D:8      | Killed a cyan ugly thing
  8718 | D:8      | Reached skill level 10 in Invocations
  9279 | D:7      | Found a bloodstained altar of Trog.
  9580 | D:9      | Reached skill level 1 in Evocations
  9676 | D:9      | Noticed a queen bee
  9686 | D:9      | Killed a queen bee
  9716 | D:9      | Gained mutation: You are mostly covered in sharp spines. [demonic ancestry]
  9716 | D:9      | Reached XP level 10. HP: 67/74 MP: 18/18
  9730 | D:9      | Reached skill level 5 in Evocations
  9802 | D:9      | Reached ***** piety under Lugonu
 10444 | D:10     | Entered Level 10 of the Dungeon
 11000 | D:10     | Noticed a two-headed ogre
 11006 | D:10     | Killed a two-headed ogre
 11164 | D:10     | Killed an unseen horror
 11164 | D:10     | Reached skill level 10 in Long Blades
 11433 | D:11     | Reached XP level 11. HP: 15/80 MP: 19/19
 11827 | D:11     | Found a staircase to the Orcish Mines.
 12613 | D:11     | Noticed a two-headed ogre
 12622 | D:11     | Killed a two-headed ogre
 12951 | D:11     | Noticed a cyan ugly thing
 12953 | D:11     | Noticed a white ugly thing
 12953 | D:11     | Noticed a green ugly thing
 12981 | D:11     | Killed a cyan ugly thing
 12993 | D:11     | Killed a purple ugly thing
 12994 | D:11     | Killed a purple ugly thing
 13460 | D:11     | Found a staircase to the Lair.
 13597 | D:11     | Got a pair of faintly humming gloves
 13609 | D:11     | Identified the +1 pair of gloves of the Many Dreams {rElec MR- Dex+2} (You found it on level 11 of the Dungeon)
 14099 | D:11     | Noticed a four-headed hydra
 14106 | D:11     | Killed a four-headed hydra
 14363 | Lair:1   | Entered Level 1 of the Lair of Beasts
 14519 | Lair:1   | Noticed an eight-headed hydra
 14536 | Lair:1   | Killed an eight-headed hydra
 14536 | Lair:1   | Reached skill level 10 in Fighting
 15262 | Lair:1   | Reached ****** piety under Lugonu
 15387 | Lair:2   | Noticed Sonja
 15394 | Lair:2   | Killed Sonja
 15394 | Lair:2   | Gained mutation: You resist negative energy. (rN+) [demonic ancestry]
 15394 | Lair:2   | Reached XP level 12. HP: 87/98 MP: 20/20
 15622 | Lair:2   | Found a staircase to the Swamp.
 16594 | Lair:2   | Noticed a death yak
 16595 | Lair:2   | Noticed a death yak
 16596 | Lair:2   | Noticed a death yak
 17364 | Lair:3   | Noticed a six-headed hydra
 17456 | Lair:3   | Identified a scroll of acquirement
 17653 | Lair:3   | Killed a seven-headed hydra
 17653 | Lair:3   | Reached skill level 10 in Armour
 18563 | Lair:4   | Noticed an eight-headed hydra
 18568 | Lair:4   | Killed a ten-headed hydra
 18722 | Lair:4   | Noticed a six-headed hydra
 18727 | Lair:4   | Killed an eight-headed hydra
 19063 | Lair:4   | Found a staircase to the Snake Pit.
 19288 | Lair:5   | Gained mutation: You have a pair of large horns on your head. [demonic ancestry]
 19288 | Lair:5   | Reached XP level 13. HP: 84/104 MP: 21/21
 20613 | Lair:5   | Found an ancient bone altar of Kikubaaqudgha.
 20820 | Lair:5   | Reached skill level 10 in Dodging
 21106 | Lair:6   | Entered Level 6 of the Lair of Beasts
 21752 | Lair:6   | Found a runed door.
 21753 | Lair:6   | Found a viscous altar of Jiyva.
 21755 | Lair:6   | Found a staircase to the Slime Pits.
 22626 | Lair:6   | Reached skill level 10 in Evocations
 22725 | Lair:6   | Reached skill level 11 in Invocations
 22784 | Lair:6   | Gained mutation: You are completely covered in molten scales. (AC +4, rF+) [demonic ancestry]
 22784 | Lair:6   | Reached XP level 14. HP: 98/111 MP: 22/22
 22928 | Lair:6   | Found a burning altar of Makhleb.
 23434 | Lair:6   | Reached skill level 12 in Invocations
 23604 | Lair:6   | Found a gateway to Hell.
 23613 | Lair:6   | Got a pitted demon blade
 23616 | Lair:6   | Identified the +8 demon blade of Causality {drain, rElec rN+} (You found it on level 6 of the Lair of Beasts)
 24015 | D:12     | Found Izxol's General Store.
 24018 | D:12     | Bought a potion of curing for 39 gold pieces
 24018 | D:12     | Bought a potion of agility for 52 gold pieces
 24069 | D:12     | Reached skill level 1 in Shields
 24356 | D:12     | Identified the cursed +1 great sword "Veugge" {drain, Stlth+} (You found it on level 12 of the Dungeon)
 24889 | D:13     | Noticed Urug
 24900 | D:13     | Killed Urug
 25229 | D:13     | Noticed Erolcha
 25240 | D:13     | Killed Erolcha
 25325 | D:13     | Reached skill level 13 in Invocations
 25332 | D:13     | Noticed Rupert
 25338 | D:13     | Found a gate to the Vaults.
 25409 | D:13     | Got a shimmering graven amulet
 25453 | D:13     | Killed Rupert
 25453 | D:13     | Reached skill level 14 in Invocations
 25537 | D:13     | Identified the amulet of Kaorek {RegenMP Str+3 Int+4} (You found it on level 13 of the Dungeon)
 25897 | D:14     | Noticed Snorg
 25907 | D:14     | Killed Snorg
 25926 | D:14     | Found a frozen archway.
 25936 | IceCv    | Entered an ice cave
 26024 | IceCv    | Reached skill level 15 in Invocations
 26301 | IceCv    | Noticed a frost giant
 26325 | IceCv    | Killed a frost giant
 26923 | D:14     | Reached XP level 15. HP: 110/120 MP: 26/26
 27196 | D:15     | Entered Level 15 of the Dungeon
 27206 | D:15     | Found Soetip's Antique Weapon Shoppe.
 27349 | D:15     | Found Meroog's Assorted Antiques.
 27355 | D:15     | Found Horamoxa's Magic Scroll Shoppe.
 27493 | D:15     | Found Jemifriq's Weapon Shoppe.
 28059 | D:15     | Found a blossoming altar of Fedhas.
 28250 | D:15     | Found a staircase to the Depths.
 28250 | D:15     | Noticed a frost giant
 28265 | D:15     | Killed a frost giant
 29204 | Swamp:1  | Entered Level 1 of the Swamp
 29669 | Swamp:1  | Noticed Frances
 29690 | Swamp:1  | Killed Frances
 30164 | Swamp:1  | Noticed Louise
 30185 | Swamp:1  | Killed Louise
 30476 | Swamp:2  | Noticed Jorgrun
 30699 | Swamp:2  | Reached skill level 5 in Shields
 31072 | Swamp:2  | Killed Jorgrun
 31862 | Swamp:2  | Noticed Nikola
 31883 | Swamp:2  | Killed Nikola
 31883 | Swamp:2  | Gained mutation: A demonic guardian rushes to your aid. [demonic ancestry]
 31883 | Swamp:2  | Reached XP level 16. HP: 102/134 MP: 27/27
 32853 | Swamp:3  | Noticed Mukku's ghost (adept CeHu)
 32888 | Swamp:3  | Killed Mukku's ghost
 33516 | Swamp:3  | Noticed a thorn hunter
 33542 | Swamp:3  | Reached skill level 10 in Shields
 33661 | Swamp:3  | Killed a thorn hunter
 33976 | Swamp:3  | Reached skill level 15 in Fighting
 34217 | Swamp:4  | Entered Level 4 of the Swamp
 34348 | Swamp:3  | Noticed a thorn hunter
 34361 | Swamp:3  | Killed a thorn hunter
 35083 | Swamp:4  | Noticed a thorn hunter
 35355 | Swamp:4  | Killed a thorn hunter
 36542 | Swamp:4  | Got a decaying rune of Zot
 36819 | Orc:1    | Entered Level 1 of the Orcish Mines
 36935 | Orc:2    | Entered Level 2 of the Orcish Mines
 37185 | Orc:1    | Found Ekho Cil's Antique Armour Boutique.
 37376 | Orc:2    | Found Kiosch's Book Emporium.
 37545 | Orc:2    | Found Potub's General Store.
 37706 | Orc:2    | Found a roughly hewn altar of Beogh.
 37723 | Orc:2    | Found Jecawag's Book Shop.
 37723 | Orc:2    | Found Fodah's Jewellery Emporium.
 37759 | Orc:2    | Reached XP level 17. HP: 142/142 MP: 28/28
 37905 | Orc:2    | Found a staircase to the Elven Halls.
 38529 | Snake:1  | Entered Level 1 of the Snake Pit
 40672 | Snake:3  | Found Pommeze's Distillery.
 40677 | Snake:3  | Found Oxeufer's Food Shoppe.
 41033 | Snake:3  | Found Sysma's Distillery.
 41737 | Snake:3  | Found Nessaest's Magic Scroll Shoppe.
 41867 | Snake:4  | Entered Level 4 of the Snake Pit
 42751 | Snake:4  | Noticed Vashnia
 42778 | Snake:4  | Found Qaduomm's Jewellery Shop.
 42778 | Snake:4  | Found Yxueris's Gadget Shoppe.
 42779 | Snake:4  | Found Xouchusch's Jewellery Shop.
 42797 | Snake:4  | Bought the ring of Divine Intervention {rPois Str+2 Int-4 Slay+3 SInv} for 415 gold pieces
 42915 | Snake:4  | Killed Vashnia
 42915 | Snake:4  | Reached XP level 18. HP: 146/149 MP: 29/29
 43481 | Snake:4  | Found a runed gate.
 43481 | Snake:4  | Found a runed gate.
 43481 | Snake:4  | Found a runed gate.
 44099 | Snake:4  | Got a serpentine rune of Zot
 44428 | Snake:4  | Reached skill level 15 in Armour
 44851 | Depths:1 | Entered Level 1 of the Depths
 45354 | Depths:1 | Found a one-way gate to the infinite horrors of the Abyss.
 46223 | Depths:1 | Found a gateway to a ziggurat.
 46422 | Depths:1 | Noticed Nightblair's ghost (adept MfGl)
 46612 | Depths:1 | Killed Nightblair's ghost
 46612 | Depths:1 | Reached XP level 19. HP: 67/155 MP: 30/30
 47225 | Depths:1 | Found a one-way gate leading to the halls of Pandemonium.
 49203 | Depths:2 | Noticed a juggernaut
 51209 | Depths:3 | Reached skill level 15 in Dodging
 52075 | Depths:4 | Reached skill level 16 in Invocations
 52575 | Depths:4 | Gained mutation: You are somewhat able to resist unholy torments (1 in 2 success). [demonic ancestry]
 52575 | Depths:4 | Reached XP level 20. HP: 85/162 MP: 27/32
 52594 | Depths:4 | Reached skill level 17 in Invocations
 53476 | Depths:4 | Reached skill level 18 in Invocations
 53480 | Depths:4 | Noticed a caustic shrike
 53488 | Depths:4 | Killed a caustic shrike
 53951 | Depths:4 | Identified the +0 pair of gloves of Lorat {rPois Int+3} (You found it on level 4 of the Depths)
 54010 | Depths:4 | Noticed a caustic shrike
 54671 | Depths:4 | Reached skill level 19 in Invocations
 54687 | Depths:4 | Killed a caustic shrike
 54688 | Depths:4 | Noticed a caustic shrike
 54693 | Depths:4 | Noticed a golden dragon
 54697 | Depths:4 | Killed a caustic shrike
 54704 | Depths:4 | Killed a golden dragon
 54843 | Depths:4 | Noticed a caustic shrike
 54859 | Depths:4 | Killed a caustic shrike
 55247 | Depths:5 | Entered Level 5 of the Depths
 55372 | Depths:4 | Reached skill level 20 in Invocations
 56269 | Depths:4 | Reached skill level 21 in Invocations
 56667 | Depths:5 | Noticed a caustic shrike
 57104 | Depths:2 | Reached XP level 21. HP: 156/168 MP: 35/35
 57177 | Depths:2 | Killed a juggernaut
 57177 | Depths:2 | Reached skill level 22 in Invocations
 57317 | Vaults:1 | Entered Level 1 of the Vaults
 57466 | Orc:1    | Bought a ruby-encrusted crystal plate armour for 3060 gold pieces
 57468 | Orc:1    | Identified the cursed +0 crystal plate armour of Hepliaklqana's Fury {Int+4} (You bought it in a shop on level 1 of the Orcish Mines)
 58914 | Vaults:1 | Reached skill level 23 in Invocations
 60075 | Vaults:2 | Noticed Saint Roka
 60076 | Vaults:2 | Found a staircase to the Crypt.
 60092 | Vaults:2 | Killed Saint Roka
 60370 | Vaults:2 | Reached skill level 24 in Invocations
 61330 | Vaults:2 | Reached skill level 25 in Invocations
 61756 | Vaults:3 | Gained mutation: You are completely covered in sharp spines. [demonic ancestry]
 61756 | Vaults:3 | Reached XP level 22. HP: 174/175 MP: 38/38
 62505 | Vaults:3 | Reached skill level 26 in Invocations
 63881 | Vaults:4 | Reached skill level 27 in Invocations
 65805 | Crypt:1  | Entered Level 1 of the Crypt
 66746 | Crypt:1  | Gained mutation: Your melee attacks may debilitate your foes. [demonic ancestry]
 66746 | Crypt:1  | Reached XP level 23. HP: 188/188 MP: 40/40
 66890 | Crypt:1  | Noticed Boris
 66915 | Crypt:1  | Killed Boris
 67186 | Crypt:1  | Noticed Frederick
 67197 | Crypt:1  | Killed Frederick
 67586 | Crypt:2  | Got a pair of spiked gloves
 67587 | Crypt:2  | Identified the +2 pair of gloves of Gallantry {*Slow rPois Int+2 Stlth+} (You found it on level 2 of the Crypt)
 69107 | Crypt:3  | Entered Level 3 of the Crypt
 69323 | Crypt:3  | Noticed Sojobo
 69357 | Crypt:3  | Killed Sojobo
 69816 | Crypt:3  | Found an ancient bone altar of Kikubaaqudgha.
 69838 | Crypt:3  | Noticed Jory
 69859 | Crypt:3  | Killed Jory
 69880 | Crypt:3  | Noticed Mara
 69881 | Crypt:3  | Noticed Angani's illusion
 70666 | Crypt:3  | Noticed Mennas
 70691 | Crypt:3  | Killed Mennas
 70950 | Crypt:3  | Noticed Angani's illusion
 70954 | Crypt:3  | Killed Mara
 71469 | Crypt:3  | Noticed Xtahua
 71536 | Crypt:3  | Killed Xtahua
 71590 | Crypt:3  | Noticed Margery
 71600 | Crypt:3  | Killed Margery
 71606 | Crypt:3  | Reached XP level 24. HP: 156/205 MP: 37/40
 72907 | Crypt:3  | Got a wavering bronze ring
 72907 | Crypt:3  | Got a faintly glowing glass ring
 72908 | Crypt:3  | Identified the ring of Intercession {+Inv rPois rN+} (You found it on level 3 of the Crypt)
 72912 | Crypt:3  | Got a wavering iron ring
 72913 | Crypt:3  | Identified the ring of Xom's Ringing Laughter {rN+ Slay+2} (You found it on level 3 of the Crypt)
 72923 | Crypt:3  | Identified the ring "Hevah" {rN+ Dex+6} (You found it on level 3 of the Crypt)
 72987 | Crypt:3  | Noticed Khufu
 73032 | Crypt:3  | Killed Khufu
 73149 | Crypt:3  | Found a staircase to the Tomb.
 73748 | Elf:1    | Entered Level 1 of the Elven Halls
 73991 | Elf:1    | Found a radiant altar of Vehumet.
 74558 | Elf:1    | Identified the +7 chain mail of Raqus {Regen+ Stlth+} (You found it on level 1 of the Elven Halls)
 74821 | Elf:2    | Found a magical portal.
 74826 | WizLab   | Entered Cigotuvi's Fleshworks
 75051 | WizLab   | Identified Cigotuvi's Grimoire of Lethal Transmutation
 75430 | WizLab   | Paralysed by a floating eye for 2 turns
 75439 | WizLab   | Paralysed by a floating eye for 2 turns
 75473 | WizLab   | Paralysed by a floating eye for 2 turns
 75483 | WizLab   | Paralysed by a floating eye for 2 turns
 75489 | WizLab   | Paralysed by a floating eye for 2 turns
 75552 | WizLab   | Got an ancient steel ring
 75560 | WizLab   | Identified the ring "Visois" {rCorr rC+ rN+ Slay-2} (You found it in a wizard's laboratory)
 76140 | Elf:2    | Found a runed door.
 76165 | Elf:2    | Found a runed door.
 76832 | Elf:3    | Entered Level 3 of the Elven Halls
 76972 | Elf:3    | Gained mutation: A powerful demonic guardian rushes to your aid. [demonic ancestry]
 76972 | Elf:3    | Reached XP level 25. HP: 214/214 MP: 40/40
 77172 | Elf:3    | Noticed Asterion
 77328 | Elf:3    | Killed Asterion
 77452 | Elf:3    | Noticed Bai Suzhen
 77463 | Elf:3    | Killed Bai Suzhen
 77585 | Elf:3    | Reached XP level 26. HP: 221/221 MP: 40/40
 77686 | Elf:3    | Reached skill level 15 in Shields
 78124 | Elf:3    | Identified the Collected Works on the Arsonist and Boosts
 78140 | Elf:3    | Identified Vehumet's Volume of Flying Conjuration
 78526 | Vaults:5 | Entered Level 5 of the Vaults
 78600 | Vaults:5 | Paralysed by a sphinx for 5 turns
 79556 | Vaults:5 | Reached XP level 27. HP: 182/228 MP: 40/40
 79635 | Vaults:5 | Got a silver rune of Zot
 80788 | Depths:4 | Voluntarily entered the Abyss.
 81047 | Abyss:1  | Found a corrupted altar of Lugonu.
 82689 | Abyss:3  | Gained mutation: You tend to lose your temper in combat. [a cacodemon]
 82696 | Abyss:3  | Gained mutation: Your magical capacity is low. (-10% MP) [a cacodemon]
 82738 | Abyss:3  | Found a corrupted altar of Lugonu.
 82812 | Abyss:3  | Paralysed by you for 5 turns
 82827 | Abyss:3  | Lost mutation: Your magical capacity is low. (-10% MP) [potion of mutation]
 82827 | Abyss:3  | Lost mutation: You tend to lose your temper in combat. [potion of mutation]
 82827 | Abyss:3  | Lost mutation: Your flesh is heat resistant. (rF+) [potion of mutation]
 82827 | Abyss:3  | Gained mutation: You have large cloven feet. [potion of mutation]
 82827 | Abyss:3  | Gained mutation: You evolve. [potion of mutation]
 82827 | Abyss:3  | Gained mutation: You are frail. (-10% HP) [potion of mutation]
 82827 | Abyss:3  | Gained mutation: You are resistant to electric shocks. (rElec) [potion of mutation]
 83033 | Abyss:3  | Paralysed by accursed screaming for 1 turns
 83062 | Abyss:3  | Got an abyssal rune of Zot
 83063 | Depths:4 | Escaped the Abyss
 83414 | Depths:4 | Lost mutation: You are frail. (-10% HP) [potion of mutation]
 83414 | Depths:4 | Gained mutation: Armour fits poorly on your strangely shaped body. [potion of mutation]
 83414 | Depths:4 | Gained mutation: Your mind is acute. (Int +2) [potion of mutation]
 83415 | Depths:4 | Lost mutation: You evolve. [potion of mutation]
 83415 | Depths:4 | Lost mutation: Armour fits poorly on your strangely shaped body. [potion of mutation]
 83415 | Depths:4 | Lost mutation: You are resistant to electric shocks. (rElec) [potion of mutation]
 83415 | Depths:4 | Lost mutation: Your mind is acute. (Int +2) [potion of mutation]
 83415 | Depths:4 | Gained mutation: Armour fits poorly on your strangely shaped body. [potion of mutation]
 83415 | Depths:4 | Gained mutation: You possess an exceptional clarity of mind. [potion of mutation]
 83416 | Depths:4 | Lost mutation: Armour fits poorly on your strangely shaped body. [potion of mutation]
 83416 | Depths:4 | Lost mutation: You have large cloven feet. [potion of mutation]
 83416 | Depths:4 | Lost mutation: You possess an exceptional clarity of mind. [potion of mutation]
 83416 | Depths:4 | Gained mutation: Scrolls take you a little longer to read. [potion of mutation]
 83416 | Depths:4 | Gained mutation: You have sharp toenails. [potion of mutation]
 83417 | Depths:4 | Lost mutation: You have sharp toenails. [potion of mutation]
 83417 | Depths:4 | Lost mutation: Scrolls take you a little longer to read. [potion of mutation]
 83417 | Depths:4 | Gained mutation: Your flesh is cold resistant. (rC+) [potion of mutation]
 83417 | Depths:4 | Gained mutation: You have very sharp teeth. [potion of mutation]
 83642 | D:15     | Bought a scroll of enchant armour for 210 gold pieces
 83655 | D:15     | Bought a scroll of vulnerability for 97 gold pieces
 83673 | D:15     | Bought a potion of haste for 280 gold pieces
 83673 | D:15     | Bought a potion of heal wounds for 140 gold pieces
 83875 | Depths:5 | Reached skill level 15 in Evocations
 84059 | Depths:5 | Found a gate to the Realm of Zot.
 84755 | Depths:5 | Identified the amulet "Vazafis" {Inacc rPois Str+2 Dex+3} (You found it on level 5 of the Depths)
 84763 | Depths:5 | Identified the Volume of the Unstable Compass
 85514 | Snake:3  | Bought a scroll of vulnerability for 135 gold pieces
 85514 | Snake:3  | Bought a scroll of magic mapping for 63 gold pieces
 85514 | Snake:3  | Bought a scroll of magic mapping for 63 gold pieces
 85818 | D:15     | Bought 2 scrolls of recharging for 532 gold pieces
 85830 | D:15     | Bought a scroll of fog for 26 gold pieces
 85830 | D:15     | Bought a scroll of holy word for 97 gold pieces
 85830 | D:15     | Bought a scroll of recharging for 123 gold pieces
 85830 | D:15     | Bought a scroll of recharging for 123 gold pieces
 85966 | Orc:2    | Bought a potion of heal wounds for 80 gold pieces
 85966 | Orc:2    | Bought a scroll of recharging for 152 gold pieces
 85966 | Orc:2    | Bought a scroll of fear for 56 gold pieces
 86292 | Snake:3  | Bought a potion of curing for 39 gold pieces
 86292 | Snake:3  | Bought a potion of heal wounds for 65 gold pieces
 86292 | Snake:3  | Bought a potion of haste for 130 gold pieces
 86292 | Snake:3  | Bought a potion of lignification for 39 gold pieces
 86292 | Snake:3  | Bought a potion of flight for 39 gold pieces
 86292 | Snake:3  | Bought a potion of curing for 39 gold pieces
 86292 | Snake:3  | Bought a potion of heal wounds for 65 gold pieces
 86292 | Snake:3  | Bought a potion of curing for 39 gold pieces
 86292 | Snake:3  | Bought a potion of flight for 39 gold pieces
 86326 | Snake:3  | Bought a potion of might for 56 gold pieces
 86326 | Snake:3  | Bought a potion of flight for 42 gold pieces
 86326 | Snake:3  | Bought a potion of might for 56 gold pieces
 86326 | Snake:3  | Bought a potion of haste for 140 gold pieces
 86326 | Snake:3  | Bought a potion of haste for 140 gold pieces
 86326 | Snake:3  | Bought a potion of resistance for 140 gold pieces
 86326 | Snake:3  | Bought a potion of lignification for 42 gold pieces
 86326 | Snake:3  | Bought a potion of heal wounds for 70 gold pieces
 86326 | Snake:3  | Bought a potion of cancellation for 112 gold pieces
 86466 | Slime:1  | Entered Level 1 of the Pits of Slime
 86498 | Slime:5  | Entered Level 5 of the Pits of Slime
 86563 | Slime:5  | Paralysed by a floating eye for 3 turns
 86601 | Slime:5  | Gained mutation: Your muscles are strong. (Str +2) [a shining eye]
 86620 | Slime:5  | Found a viscous altar of Jiyva.
 86652 | Slime:5  | Noticed the Royal Jelly
 87118 | Slime:5  | Banished the Royal Jelly
 87159 | Slime:5  | Corrupted Slime:5
 87181 | Slime:5  | Got a slimy rune of Zot
 87187 | Slime:5  | Identified the +0 pair of gloves of Darkness {rC- MR+++ Str+4 Dex+3} (You found it on level 5 of the Pits of Slime)
 87813 | Slime:5  | Identified the amulet of Atheism {Reflect Slay+6 SH+4} (You found it on level 5 of the Pits of Slime)
 88873 | Zot:1    | Entered Level 1 of the Realm of Zot
 88935 | Zot:1    | Found a transporter.
 88953 | Zot:1    | Found a transporter.
 89526 | Zot:5    | Entered Level 5 of the Realm of Zot
 89652 | Zot:5    | Noticed an ancient lich
 89661 | Zot:5    | Killed an ancient lich
 89666 | Zot:5    | Noticed an orb of fire
 89671 | Zot:5    | Noticed an orb of fire
 89677 | Zot:5    | Gained mutation: You tend to lose your temper in combat. [an orb of fire]
 89683 | Zot:5    | Gained mutation: Armour fits poorly on your strangely shaped body. [an orb of fire]
 89684 | Zot:5    | Killed an orb of fire
 89690 | Zot:5    | Noticed an orb of fire
 89697 | Zot:5    | Killed an orb of fire
 89706 | Zot:5    | Killed an orb of fire
 89709 | Zot:5    | Noticed an orb of fire
 89714 | Zot:5    | Corrupted Zot:5
 89735 | Zot:5    | Killed an orb of fire
 89806 | Zot:5    | Got the Orb of Zot
 90159 | Depths:1 | Lost mutation: You tend to lose your temper in combat. [potion of mutation]
 90159 | Depths:1 | Lost mutation: Your muscles are strong. (Str +2) [potion of mutation]
 90159 | Depths:1 | Lost mutation: Armour fits poorly on your strangely shaped body. [potion of mutation]
 90159 | Depths:1 | Gained mutation: You have large cloven feet. [potion of mutation]
 90159 | Depths:1 | Gained mutation: You evolve. [potion of mutation]
 90199 | D:15     | Noticed Dibair the pandemonium lord
 90329 | Temple   | Entered the Ecumenical Temple
 90490 | D:$      | Escaped with the Orb!

Skill      XL: |  1  2  3  4  5  6  7  8  9 10 11 12 13 14 15 16 17 18 19 20 21 22 23 24 25 26 27 |
---------------+----------------------------------------------------------------------------------+-----
Long Blades    | 3 4 5 6 10 12 14 | 14.3
Invocations    | 4 5 9 10 11 15 16 21 25 27 | 27.0
Armour         | 2 5 6 10 12 15 16 17 | 17.3
Dodging        | 3 5 8 10 12 15 | 15.0
Fighting       | 5 10 11 14 15 17 20 22 | 22.1
Evocations     | 4 5 10 21 | 21.5
Shields        | 4 8 10 13 14 18 | 18.0
Throwing       | |  1.7

Action                   |  1- 3 |  4- 6 |  7- 9 | 10-12 | 13-15 | 16-18 | 19-21 | 22-24 | 25-27 || total
-------------------------+-------+-------+-------+-------+-------+-------+-------+-------+-------++-------
Melee: Long sword        |   144 |   171 |   347 |       |       |       |       |       |       ||   662
       Headbutt          |       |    31 |    69 |   100 |   230 |   373 |   436 |   642 |   838 ||  2719
       Great sword       |       |       |    32 |   362 |       |       |       |       |       ||   394
       Triple sword      |       |       |       |    67 |   236 |       |       |       |       ||   303
       Demon blade       |       |       |       |       |   727 |  1650 |  1481 |  2120 |  2121 ||  8099
       Bite              |       |       |       |       |       |       |       |       |   178 ||   178
Invok: Bend Space        |       |       |       |     1 |     2 |       |       |     4 |       ||     7
       Banish            |       |       |       |       |       |       |     1 |       |     1 ||     2
       Corrupt           |       |       |       |       |       |       |       |       |     2 ||     2
       Depart the Abyss  |       |       |       |       |       |       |       |       |     1 ||     1
Evoke: Wand              |       |       |     6 |    11 |    20 |     7 |    23 |     3 |    18 ||    88
       Sack of spiders   |       |       |       |       |       |     1 |       |       |     1 ||     2
       Lightning rod     |       |       |       |       |       |       |       |     8 |       ||     8
       Lamp of fire      |       |       |       |       |       |       |       |     5 |     1 ||     6
       Phantom mirror    |       |       |       |       |       |       |       |       |     1 ||     1
       Box of beasts     |       |       |       |       |       |       |       |       |    11 ||    11
       Fan of gales      |       |       |       |       |       |       |       |       |     1 ||     1
       Phial of floods   |       |       |       |       |       |       |       |       |     1 ||     1
  Use: Scroll            |     6 |     1 |     6 |    27 |    16 |     8 |    19 |    13 |    31 ||   127
       Potion            |       |       |       |     1 |     1 |     2 |     5 |     5 |    30 ||    44
 Stab: Sleeping          |     1 |       |     2 |     3 |     1 |     2 |     1 |       |       ||    10
       Confused          |       |       |     5 |     1 |       |       |       |       |       ||     6
       Distracted        |       |       |     1 |     5 |     9 |     2 |     7 |     8 |    10 ||    42
       Paralysed         |       |       |       |     1 |     6 |       |       |       |       ||     7
       Held in net/web   |       |       |       |       |       |     1 |       |       |       ||     1
       Petrified         |       |       |       |       |       |       |       |       |     2 ||     2
  Eat: Chunk             |     3 |     9 |    15 |    23 |    24 |    16 |    26 |     5 |     1 ||   122
       Fruit             |       |       |     8 |       |     6 |     4 |       |     5 |     6 ||    29
       Royal jelly       |       |       |       |     3 |       |       |     1 |     6 |     7 ||    17
       Meat ration       |       |       |       |       |     3 |     6 |     4 |     6 |     5 ||    24
       Bread ration      |       |       |       |       |       |       |       |       |     1 ||     1
Armor: Leather armour    |    31 |       |       |       |       |       |       |       |       ||    31
       Chain mail        |    25 |   102 |   118 |       |       |       |       |    81 |   136 ||   462
       Ring mail         |       |       |   109 |   275 |   424 |   315 |   262 |   319 |       ||  1704
       Skin              |       |       |       |       |       |       |       |    28 |     2 ||    30
       Gold dragon scale |       |       |       |       |       |       |       |       |   416 ||   416
Dodge: Dodged            |    76 |    66 |   205 |   340 |   607 |   386 |   492 |   600 |   512 ||  3284
       Deflected         |       |       |       |       |       |    42 |    20 |    41 |    58 ||   161
Block: Other             |       |       |       |     2 |    34 |       |       |       |       ||    36
       Buckler           |       |       |       |       |   198 |       |       |       |       ||   198
       Reflection        |       |       |       |       |     9 |    91 |    65 |    16 |     7 ||   188
       Large shield      |       |       |       |       |    89 |   706 |       |   433 |  1749 ||  2977
       Shield            |       |       |       |       |       |   408 |   845 |   731 |       ||  1984
       Rpst.: Long sword |    21 |    23 |    47 |       |       |       |       |       |       ||    91
       Great sword       |       |       |    10 |    75 |       |       |       |       |       ||    85
       Triple sword      |       |       |       |    19 |    48 |       |       |       |       ||    67
       Demon blade       |       |       |       |       |    77 |    91 |    83 |   114 |    94 ||   459
